Map: Sequencer LE

Players

LiquidSnute (Snute)

  • Race: Zerg Zerg
  • League: Master
  • Spawn Location: 1:00

Harstem - Winner!

  • Race: Protoss Protoss
  • League: Master
  • Spawn Location: 7:00

Event: HomeStory Cup XV

VOD

Have the link to the VOD?

Description

Time

  • Played on: July 22, 2017, 12:26 p.m.
  • Length: 13:16

All games in this series

Show
View Real Time Build Order
Export as new Build Order

LiquidSnute Zerg 

Build Orders: Hatch First 

Get SALT Encoding   

  12  0:00  Drone  
  13  0:12  Overlord  
  13  0:17  Drone  
  14  0:30  Drone x2  
  14  0:34  Drone  
  17  0:52  Hatchery  
  17  0:54  Drone  
  17  0:57  Drone  
  17  1:01  Extractor  
  17  1:13  Spawning Pool  
  17  1:17  Drone  
  17  1:20  Drone  
  18  1:28  Drone  
  19  1:38  Overlord  
  19  1:49  Drone  
  20  2:00  Queen  
  20  2:01  Metabolic Boost  
  22  2:03  Queen  
  22  2:05  Drone  
  22  2:08  Zergling x2  
  26  2:11  Drone  
  26  2:14  Drone  
  28  2:21  Drone  
  29  2:25  Drone  
  30  2:32  Drone  
  31  2:39  Hatchery  
  31  2:42  Overlord  
  31  2:43  Drone  
  31  2:49  Queen  
  33  2:53  Drone  
  33  2:56  Zergling x2  
  35  2:59  Zergling x2  
  36  3:06  Overlord  
  36  3:08  Drone x3  
  39  3:13  Drone x2  
  39  3:18  Overlord  
  39  3:19  Drone x2  
  43  3:21  Drone  
  43  3:29  Drone  
  43  3:33  Spore Crawler  
  42  3:35  Spore Crawler  
  42  3:36  Drone  
  42  3:38  Drone  
  42  3:41  Drone x3  
  42  3:43  Drone  
  42  3:45  Drone x3  
  47  3:55  Drone x2  
  47  3:57  Zergling x2  
  48  4:03  Zergling x4  
  48  4:06  Queen  
  48  4:09  Spore Crawler  
  51  4:14  Drone x2  
  51  4:15  Drone x3  
  56  4:20  Drone x2  
  58  4:26  Spore Crawler  
  58  4:27  Drone  
  58  4:28  Drone x3  
  58  4:30  Drone x2  
  63  4:38  Drone, Overlord  
  62  4:39  Lair  
  62  4:40  Drone  
  62  4:41  Drone  
  62  4:42  Drone  
  66  4:50  Extractor  
  66  4:51  Extractor, Drone x2  
  66  4:56  Drone x2  
  66  4:57  Drone x4  
  71  5:04  Extractor, Drone  
  71  5:05  Drone x2  
  73  5:08  Hatchery  
  73  5:09  Baneling Nest, Zergling x2  
  73  5:10  Zergling x2  
  73  5:16  Overlord x2  
  73  5:19  Overlord  
  73  5:23  Overlord  
  73  5:35  Zergling x18  
  82  5:39  Hydralisk Den  
  82  5:40  Zergling x6  
  84  5:48  Zergling x10  
  86  5:57  Overlord x2  
  86  6:01  Baneling  
  86  6:02  Baneling x4, Centrifical Hooks  
  85  6:10  Baneling  
  85  6:11  Muscular Augments  
  85  6:13  Hydralisk  
  85  6:15  Overlord  
  85  6:16  Zergling x12  
  93  6:23  Hydralisk x2  
  97  6:27  Zergling x2  
  97  6:31  Hatchery  
  95  6:33  Zergling x10  
  95  6:36  Zergling x2  
  95  6:37  Zergling x6  
  100  6:41  Zergling x4  
  100  6:46  Hydralisk  
  92  6:49  Queen x3  
  92  6:50  Hydralisk  
  92  6:51  Hydralisk  
  88  7:03  Zergling x2  
  88  7:04  Zergling x14  
  86  7:12  Zergling x8  
  79  7:15  Zergling x2  
  79  7:16  Zergling x2  
  70  7:24  Zergling x2  
  70  7:25  Zergling x6  
  70  7:28  Zergling x4  
  67  7:36  Hydralisk x2  
  60  7:48  Drone x6  
  60  7:49  Drone  
  67  7:52  Drone  
  67  7:56  Drone  
  69  8:07  Zergling x6  
  69  8:08  Zergling x2  
  69  8:12  Zergling x2  
  74  8:13  Zergling x10  
  74  8:18  Drone x2  
  74  8:19  Drone x3  
  83  8:22  Drone x2  
  83  8:24  Drone x2  
  87  8:27  Drone x2  
  87  8:29  Drone  
  89  8:46  Hydralisk x6  
  98  8:56  Hydralisk x4  
  98  9:00  Hydralisk x2  
  110  9:08  Hydralisk x3  
  115  9:19  Hydralisk x5  
  125  9:25  Zergling x8  
  125  9:30  Hydralisk x2  
  130  9:48  Zergling x24  
  130  9:51  Baneling x3  
  141  9:54  Zergling x4  
  141  9:59  Baneling x9  
  141  10:04  Zergling x2, Overlord  
  134  10:26  Hydralisk x6  
  137  10:34  Zergling x4  
  137  10:35  Zergling x24  
  137  10:45  Zergling x14  
  135  10:50  Zergling x6  
  105  11:05  Hydralisk x4  
  113  11:16  Zergling x14  
  114  11:40  Zergling x2  
  114  11:41  Zergling x24  
  127  11:47  Baneling x5  
  127  11:48  Baneling  
  126  11:56  Baneling x8  
  125  12:02  Zergling x4  
  125  12:03  Zergling x2  
  114  12:19  Zergling x14  
  110  12:25  Baneling x2  
  110  12:26  Baneling  
  70  12:58  Zergling x16  
  63  12:59  Zergling x2  
Show
View Real Time Build Order
Export as new Build Order

Harstem Protoss - Winner!

Build Orders: 1 Gate Expand, Oracle Opening 

Get SALT Encoding   

  12  0:00  Probe (Chrono Boost)  
  13  0:11  Probe (Chrono Boost)  
  14  0:18  Pylon  
  14  0:22  Probe (Chrono Boost)  
  15  0:36  Probe (Chrono Boost)  
  15  0:40  Gateway  
  16  0:47  Probe (Chrono Boost)  
  17  0:50  Assimilator  
  17  0:57  Probe (Chrono Boost)  
  18  1:08  Probe (Chrono Boost)  
  20  1:18  Probe (Chrono Boost)  
  20  1:25  Nexus  
  20  1:34  Cybernetics Core  
  20  1:37  Probe (Chrono Boost)  
  21  1:43  Assimilator  
  21  1:48  Probe (Chrono Boost)  
  21  1:52  Pylon  
  22  1:58  Probe (Chrono Boost)  
  23  2:10  Probe (Chrono Boost)  
  23  2:11  Adept (Chrono Boost)  
  26  2:20  Stargate  
  26  2:22  Probe  
  27  2:30  Warp Gate  
  27  2:34  Probe  
  27  2:36  Probe, Adept (Chrono Boost)  
  31  2:46  Probe x2  
  33  2:58  Probe x2 (Chrono Boost)  
  34  3:04  Oracle (Chrono Boost)  
  38  3:07  Probe  
  38  3:09  Probe, Adept (Chrono Boost)  
  42  3:18  Probe  
  43  3:20  Gateway  
  43  3:21  Probe  
  43  3:25  Pylon  
  44  3:28  Probe  
  44  3:33  Probe  
  46  3:39  Probe  
  45  3:45  Probe  
  45  3:47  Oracle  
  46  3:49  Probe  
  47  3:58  Probe  
  47  4:00  Probe  
  47  4:02  Twilight Council  
  49  4:05  Pylon  
  49  4:10  Probe (Chrono Boost)  
  49  4:11  Probe (Chrono Boost)  
  51  4:22  Probe (Chrono Boost)  
  51  4:23  Probe (Chrono Boost)  
  53  4:24  Robotics Facility  
  53  4:28  Nexus  
  53  4:31  Resonating Glaives (Chrono Boost)  
  53  4:34  Pylon  
  53  4:36  Assimilator  
  53  4:39  Assimilator  
  53  4:40  Adept  
  53  4:42  Adept  
  56  4:51  Probe (Chrono Boost), Gateway  
  56  4:52  Gateway  
  57  5:04  Adept  
  59  5:10  Gateway x2  
  59  5:12  Warp Prism (Chrono Boost)  
  61  5:19  Gateway  
  61  5:23  Probe x2  
  61  5:24  Pylon  
  63  5:30  Pylon  
  63  5:33  Adept  
  63  5:34  Adept  
  67  5:43  Probe  
  67  5:49  Probe, Adept x2  
  73  5:56  Adept x2  
  77  6:01  Probe  
  77  6:02  Probe  
  73  6:09  Adept x4  
  81  6:21  Adept x3  
  87  6:30  Adept  
  86  6:37  Adept x3  
  84  6:40  Probe  
  84  6:42  Probe  
  71  6:54  Probe, Adept  
  71  6:56  Adept x3  
  71  6:57  Sentry, Adept  
  71  6:58  Sentry  
  71  6:59  Probe  
  71  7:01  Forge  
  72  7:13  Probe x2  
  72  7:14  Probe  
  73  7:17  Sentry  
  73  7:18  Adept x5  
  75  7:22  Sentry  
  75  7:27  Probe (Chrono Boost)  
  75  7:28  Probe (Chrono Boost)  
  75  7:31  Probe (Chrono Boost), Protoss Ground Weapons Level 1 (Chrono Boost)  
  75  7:32  Warp Prism  
  74  7:39  Probe (Chrono Boost), Sentry  
  74  7:40  Probe (Chrono Boost)  
  74  7:41  Adept  
  66  7:44  Adept  
  66  7:45  Adept  
  66  7:49  Sentry  
  72  7:51  Adept  
  72  7:52  Probe (Chrono Boost)  
  76  7:59  Probe (Chrono Boost)  
  76  8:02  Templar Archives  
  76  8:03  Probe (Chrono Boost)  
  78  8:07  Sentry, Mothership Core (Chrono Boost)  
  78  8:08  Adept  
  78  8:12  Probe (Chrono Boost)  
  84  8:13  Adept x2  
  84  8:16  Pylon  
  84  8:18  Adept  
  90  8:20  Assimilator  
  90  8:24  Adept  
  92  8:28  Assimilator  
  92  8:38  Zealot x3  
  92  8:39  Zealot, Charge, Psionic Storm  
  100  8:43  Warp Prism (Chrono Boost)  
  100  8:47  Pylon  
  98  8:48  Pylon  
  96  9:02  Probe, High Templar  
  97  9:03  High Templar  
  97  9:06  Pylon  
  97  9:07  High Templar  
  101  9:12  Photon Cannon  
  101  9:14  Gateway  
  101  9:18  Warp Prism  
  101  9:19  Zealot  
  101  9:22  High Templar  
  107  9:33  Nexus  
  107  9:35  Pylon, High Templar x2  
  107  9:38  Pylon  
  109  9:40  Photon Cannon  
  109  9:43  Protoss Ground Weapons Level 2 (Chrono Boost)  
  109  9:48  Probe  
  110  9:55  Zealot x4  
  112  10:09  Probe  
  112  10:11  Gateway  
  112  10:13  Zealot x4  
  121  10:20  Zealot x2  
  122  10:25  Zealot  
  122  10:26  Zealot  
  104  10:33  Immortal  
  104  10:34  Zealot x4  
  106  10:45  High Templar  
  106  10:46  High Templar  
  106  10:47  High Templar x2  
  106  10:48  Probe  
  115  10:50  Probe  
  115  10:51  Archon  
  115  10:52  Archon  
  115  10:55  Archon  
  102  10:57  Archon  
  102  10:59  Zealot x4  
  98  11:05  Probe  
  98  11:08  Probe  
  98  11:09  Probe  
  101  11:18  High Templar  
  101  11:19  High Templar x3  
  101  11:25  Zealot x5  
  117  11:28  Immortal  
  121  11:42  Probe  
  121  11:44  High Templar  
  124  11:47  Probe  
  124  11:52  Zealot x4  
  124  11:53  Cybernetics Core  
  131  11:57  Zealot x2  
  135  12:05  Photon Cannon  
  135  12:07  Immortal  
  135  12:09  High Templar x2  
  133  12:16  Zealot x2  
  133  12:17  Zealot x3  
  137  12:27  Zealot x2  
  123  12:38  Zealot x2  
  123  12:39  Zealot x3  
  123  12:40  Mothership Core  
  117  12:51  Archon x3  
  111  12:52  Zealot x4  
  102  12:59  Zealot x2  
  102  13:00  Zealot  
  102  13:04  Zealot x2  
Tags
 
Add a new tag
Caveats
  • Supply blocks, unpowered buildings, or Contaminate may cause inaccurate times.
  • Supply counts are checked every 10 seconds.